 Dungeon Crawl Stone Soup version 0.31.0-11-ge490571c62 (webtiles) character file.

Game seed: 7610390173202692103

60 qw the Shooter (level 3, -2/20 HPs)
             Began as a Deep Elf Hunter on Feb 5, 2024.
             Slain by a gnoll
             ... wielding a +0 halberd
              (9 damage)
             ... on level 2 of the Dungeon.
             The game lasted 00:00:26 (954 turns).

qw the Shooter (Deep Elf Hunter)                     Turns: 954, Time: 00:00:27

Health: -2/20      AC:  6    Str: 10    XL:     3   Next: 80%
Magic:  5/5        EV: 17    Int: 13    God:
Gold:   76         SH:  0    Dex: 18    Spells: 2/2 levels left

rFire   . . .        a - +0 shortbow
rCold   . . .        (shield currently unavailable)
rNeg    . . .        c - +0 leather armour
rPois   .            e - +2 helmet
rElec   .            (no cloak)
rCorr   .            (no gloves)
SInv    .            (no boots)
Will    .....        g - amulet of the acrobat
Stlth   ++           f - +5 ring of evasion
HPRegen 0.23/turn    (no ring)
MPRegen 0.09/turn

%: acrobat
@: no status effects
A: no striking features
a: no special abilities


You were on level 2 of the Dungeon.
You visited 1 branch of the dungeon, and saw 2 of its levels.

You collected 76 gold pieces.


   Skills:
 - Level 1.5 Fighting
 + Level 7.3 Ranged Weapons
 - Level 2.4 Dodging
 - Level 1.2 Stealth


You had 2 spell levels left.
You didn't know any spells.
Your spell library was empty.

Inventory:

Hand Weapons
 a - a +0 shortbow (weapon)
Armour
 b - a +2 hat
 c - a +0 leather armour (worn)
 d - a +0 scale mail
 e - a +2 helmet (worn)
Jewellery
 f - a +5 ring of evasion (left hand)
 g - an amulet of the acrobat (around neck)
Scrolls
 i - 2 scrolls of fog {unknown}
 j - a scroll of immolation {unknown}
 l - a scroll of poison {unknown}
Potions
 h - a potion of heal wounds
 k - a potion of enlightenment {unknown}
 m - a potion of cancellation {unknown}
 n - a potion of haste {unknown}

Dungeon Overview and Level Annotations

Branches:
Dungeon (2/15)

Altars:

Shops:
D:1 =


Message History

The bat barely misses you.
You shoot an arrow. The arrow misses the bat.
The gnoll shouts!
The arrow hits the gnoll.
The gnoll is severely wounded.
The bat closely misses you.
A hobgoblin comes into view.
The gnoll barely misses you.
You shoot an arrow. The hobgoblin shouts!
The arrow hits the gnoll.
The gnoll is almost dead.
The bat barely misses you.
A gnoll comes into view. It is wielding a +0 flail.
The gnoll misses you.
Enter note:
Enter note:
Enter note:
Enter note:
949 ||| RETREEEEATING.
You shoot an arrow. The arrow barely misses the bat.
The bat closely misses you. The bat completely misses you.
The gnoll misses you.
You shoot an arrow. The arrow completely misses the bat.
The bat closely misses you.
The gnoll hits you from afar with a +0 halberd!
Ouch! That really hurt!
You shoot an arrow. The arrow closely misses the bat.
The bat hits you. The gnoll barely misses you.
Enter note:
Enter note:
953 ||| RETREEEEATING.
The gnoll shouts!
The bat completely misses you. The gnoll attacks as it pursues you!
The gnoll completely misses you.
Enter note:
Enter note:
954 ||| RETREEEEATING.
You shoot an arrow. The arrow hits the bat!
You kill the bat!
The gnoll hits you from afar with a +0 halberd!
You die...

######## ##......##
##........##
#..........#
#..).......#
#..........#
#..........####
#..........##.#
###..........@.#
###....?......##.#
##.............##g#
...##..........##Jg#
.%.............###g..
..###..<.......#
....g ###
##.......... .......
# ##....[.### #...$.g
######......## #.....


You could see 2 gnolls, an endoplasm and a hobgoblin.

Vanquished Creatures
  2 adders (D:2)
  A dart slug (D:1)
  A ribbon worm (D:2)
  5 bats
  5 giant cockroaches (D:1)
  5 hobgoblins
  3 jackals (D:2)
  A quokka (D:1)
  2 ball pythons (D:1)
  2 frilled lizards
  3 goblins (D:2)
  2 kobolds
  5 rats
37 creatures vanquished.

Notes
Turn   | Place    | Note
-------+----------+-------------------------------------------
     0 | D:1      | qw the Deep Elf Hunter began the quest for the Orb.
     0 | D:1      | Reached XP level 1. HP: 12/12 MP: 3/3
     0 | D:1      | 0 ||| qw: Version: 0.3-a-160-g6735b56
     0 | D:1      | 0 ||| qw: Game counter: 6575
     0 | D:1      | 0 ||| qw: Melee chars always use a shield: true
     0 | D:1      | 0 ||| qw: God list: Okawaru
     0 | D:1      | 0 ||| qw: Allow faded altars: false
     0 | D:1      | 0 ||| qw: Do Orc after clearing Dungeon:15 true
     0 | D:1      | 0 ||| qw: Do second Lair branch before Depths: true
     0 | D:1      | 0 ||| qw: Lair rune preference: random
     0 | D:1      | 0 ||| qw: Goals: Normal
     0 | D:1      | 0 ||| PLANNING D:1-11
   121 | D:1      | Reached XP level 2. HP: 16/16 MP: 4/4
   124 | D:1      | Reached skill level 6 in Ranged Weapons
   137 | D:1      | Found Qatybboz's Jewellery Shop.
   146 | D:1      | 146 ||| SHOPLISTING +4 ring of protection (468 gold, have
                  | 14).
   146 | D:1      | 146 ||| SHOPLISTING +6 ring of dexterity (468 gold, have
                  | 14).
   146 | D:1      | 146 ||| SHOPLISTING amulet of guardian spirit (390 gold,
                  | have 14).
   146 | D:1      | 146 ||| SHOPLISTING amulet of reflection (390 gold, have
                  | 14).
   146 | D:1      | 146 ||| SHOPLISTING amulet of the acrobat (390 gold, have
                  | 14).
   146 | D:1      | 146 ||| SHOPLISTING ring of positive energy (260 gold, have
                  | 14).
   146 | D:1      | 146 ||| SHOPLISTING ring of protection from fire (325 gold,
                  | have 14).
   614 | D:1      | 614 ||| UPGRADING to +1 helmet.
   619 | D:1      | 619 ||| UPGRADING to amulet of the acrobat.
   624 | D:1      | 624 ||| UPGRADING to +5 ring of evasion.
   625 | D:1      | 625 ||| READING scroll labelled FIMETI RISIRE.
   625 | D:1      | 625 ||| IDENTIFYING orange potion
   626 | D:1      | 626 ||| READING scroll labelled NUYBLA ROACS.
   627 | D:1      | 627 ||| READING scroll labelled TAUFOX NI IHE.
   627 | D:1      | 627 ||| ENCHANTING +1 helmet.
   628 | D:1      | 628 ||| DROPPING scroll of butterflies.
   719 | D:2      | Reached XP level 3. HP: 20/20 MP: 5/5
   794 | D:2      | Reached skill level 7 in Ranged Weapons
   949 | D:2      | 949 ||| RETREEEEATING.
   953 | D:2      | 953 ||| RETREEEEATING.
   954 | D:2      | 954 ||| RETREEEEATING.
   954 | D:2      | Slain by a gnoll

Levels and vault maps discovered:
D:1:      dpeg_arrival_prison, layout_loops_ring, serial_shops, shop,
          grunt_decor_cap, nrook_campfire
D:2:      layout_rooms

Skill      XL: |  1  2  3 |
---------------+----------+-----
Ranged Weapons | 6 7 |  7.3
Fighting       | |  1.5
Dodging        | |  2.4
Stealth        | |  1.2

Action                     || total
---------------------------++-------
   Fire: Shortbow          ||    95
    Use: Scroll            ||     3
 Armour: Leather armour    ||    12
  Dodge: Dodged            ||    28

Table legend:
 A = Non-vault XP
 B = Vault XP
 C = Vault XP percentage of total XP
 D = Non-vault monster count
 E = Vault monster count
 F = Vault count percentage of total count
                 A         B        C        D         E       F
            +---------+---------+-------+---------+---------+-------
      Total |      78 |       9 |  10.3 |      32 |       5 |  13.5
            +---------+---------+-------+---------+---------+-------
        D:1 |      21 |       9 |  30.0 |      12 |       5 |  29.4
        D:2 |      57 |       0 |   0.0 |      20 |       0 |   0.0
            +---------+---------+-------+---------+---------+-------
